 Dungeon Sprint DCSS version 0.23.0 (webtiles) character file.

Game seed: 3065270238737027885

106005 nuthulu the Naga Aeon (level 16, -20/174 HPs)
             Began as a Naga Fighter on Feb 18, 2019.
             Was the Champion of Cheibriados.
             Demolished by an azure jelly (glowing shapeshifter) (32 damage)
             ... in the Dungeon (Sprint V: "Ziggurat Sprint").
             The game lasted 00:11:04 (1549 turns).

nuthulu the Naga Aeon (Naga Fighter)                Turns: 1549, Time: 00:11:06

Health: -20/174    AC: 37    Str: 31    XL:     16   Next: 43%
Magic:  34/52      EV: 16    Int: 22    God:    Cheibriados [******]
Gold:   0          SH: 39    Dex: 33    Spells: 43/43 levels left

rFire    + . .     SeeInvis +   G - +14 obsidian axe {chop, +Fly SInv *Curse} (curse)
rCold    . . .     Gourm    .   F - +18 shield of the Gong {rElec rN+ MR+ EV-5}
rNeg     + + +     Faith    .   a - +15 Maxwell's patent armour {-Cast -Tele rElec MR+ rCorr}
rPois    +         Spirit   .   T - +0 mask of the Dragon {MR+ Slay+3 SInv}
rElec    +         Reflect  +   o - +2 cloak {rPois}
rCorr    +         Harm     .   N - +0 pair of gloves of Morality {rN+++ rCorr Str-5 Int-3 Dex+4} (curse)
MR       +++++     NoTele   +   (no barding) Stlth ..........NoCast +
                                O - +6 amulet of reflection
HPRegen  0.39/turn              H - ring of Kiwkymyu {rN++ MP+9}
MPRegen  0.33/turn              M - ring "Zumedd" {rF+ MR+ MP+9}

@: mesmerised, slowed, studying Dodging, very slow
A: large, see invisible, deformed body, poison resistance, slowness 2, slow
metabolism 1, spit poison 1, constrict 1, AC +5
a: Spit Poison, Bend Time, Temporal Distortion, Slouch, Step From Time, Renounce
Religion, Evoke Flight


You were in the Dungeon.
You worshipped Cheibriados.
Cheibriados was exalted by your worship.
You were not hungry.

You visited 1 branch

Inventory:

Hand Weapons
 G - the cursed +14 obsidian axe (weapon) {chop, +Fly SInv *Curse}
   (You found it in the Dungeon)

   It inflicts extra damage upon your enemies.
   It lets you see invisible.
   It lets you fly.
   It curses itself when equipped.
   It has a curse placed upon it.
Armour
 a - the +15 Maxwell's patent armour (worn) {-Cast -Tele rElec MR+ rCorr}
   (You found it in the Dungeon)

   It insulates you from electricity.
   It affects your resistance to hostile enchantments.
   It prevents spellcasting.
   It prevents most forms of teleportation.
   It provides partial protection from all sources of acid and corrosion.
 c - a +1 pair of gloves of strength
 o - a +2 cloak of poison resistance (worn)
 F - the +18 shield of the Gong (worn) {rElec rN+ MR+ EV-5}
   (You found it in the Dungeon)

   It affects your evasion (-5).
   It insulates you from electricity.
   It protects you from negative energy.
   It affects your resistance to hostile enchantments.
 I - the +0 cloak of Weirdness {Dex+5}
   (You found it in the Dungeon)

   It affects your dexterity (+5).
 N - the cursed +0 pair of gloves of Morality (worn) {rN+++ rCorr Str-5 Int-3 Dex+4}
   (You found it in the Dungeon)

   It affects your strength (-5).
   It affects your intelligence (-3).
   It affects your dexterity (+4).
   It renders you almost immune to negative energy.
   It provides partial protection from all sources of acid and corrosion.
   It has a curse placed upon it.
 T - the +0 mask of the Dragon (worn) {MR+ Slay+3 SInv}
   (You found it in the Dungeon)

   It affects your accuracy and damage with ranged weapons and melee attacks
   (+3).
   It affects your resistance to hostile enchantments.
   It lets you see invisible.
Jewellery
 b - the ring of Noupn {rC+ Str+4 Dex+3 Stlth+}
   (You found it in the Dungeon)

   [ring of protection from cold]

   It affects your strength (+4).
   It affects your dexterity (+3).
   It protects you from cold.
   It makes you more stealthy.
 j - an uncursed amulet of regeneration
 z - a +6 ring of dexterity
 A - a +6 ring of dexterity
 B - a +6 ring of intelligence
 C - a +6 ring of intelligence
 D - a +6 ring of strength
 E - a +6 ring of strength
 H - the ring of Kiwkymyu (left hand) {rN++ MP+9}
   (You found it in the Dungeon)

   [ring of magical power]

   It greatly protects you from negative energy.
   It affects your magic capacity (+9).
 J - an uncursed ring of positive energy
 K - the ring of Shadows {Umbra +Inv Stlth+}
   (You found it in the Dungeon)

   [ring of stealth]

   It lets you turn invisible.
   It makes you more stealthy.
 L - the ring of Heibrewn {*Slow rN+ MR++ Dex+2 Stlth+}
   (You found it in the Dungeon)

   [ring of positive energy]

   It affects your dexterity (+2).
   It protects you from negative energy.
   It affects your resistance to hostile enchantments.
   It may slow you when you take damage.
   It makes you more stealthy.
 M - the ring "Zumedd" (right hand) {rF+ MR+ MP+9}
   (You found it in the Dungeon)

   [ring of protection from fire]

   It protects you from fire.
   It affects your resistance to hostile enchantments.
   It affects your magic capacity (+9).
 O - a +6 amulet of reflection (around neck)
 P - an uncursed ring of protection from fire
 R - the ring of Yredelemnul's Pride {AC+2 Int+6}
   (You found it in the Dungeon)

   [ring of protection]

   It affects your AC (+2).
   It affects your intelligence (+6).
 S - a +6 ring of slaying
Wands
 w - a wand of disintegration (7)
 x - a wand of iceblast (7)
 y - a wand of acid (7)
Scrolls
 h - a scroll of brand weapon
 k - 4 scrolls of blinking
 q - 4 scrolls of amnesia
 r - 7 scrolls of fog
 s - 2 scrolls of holy word
 t - 5 scrolls of identify
 u - 5 scrolls of remove curse
 v - 2 scrolls of fear
Potions
 d - 7 potions of might
 e - 10 potions of curing
 g - 11 potions of heal wounds
 i - 6 potions of magic
 l - 2 potions of brilliance
 m - 2 potions of invisibility
 n - 4 potions of resistance
 p - 6 potions of agility
Books
 Q - a manual of Dodging
Comestibles
 f - 4 rations


   Skills:
 + Level 18.4 Fighting
 + Level 19.0 Axes
 + Level 15.9 Armour
 + Level 15.9 Dodging
 - Level 10.3 Shields
 - Level 14.2 Spellcasting
 * Level 26.5 Invocations


You had 43 spell levels left.
You didn't know any spells.
Your spell library was empty.

Dungeon Overview and Level Annotations

Branches:
Dungeon (1/1)

Altars:
Ashenzari
Cheibriados
Dithmenos
Elyvilon
Fedhas
Gozag
Hepliaklqana
Kikubaaqudgha
Makhleb
Nemelex Xobeh
Okawaru
Qazlal
Ru
Sif Muna
Trog
Uskayaw
Vehumet
Wu Jian
Xom
Yredelemnul
Zin
The Shining One
Beogh
Jiyva
Lugonu


Innate Abilities, Weirdness & Mutations

You cannot wear boots.
Your serpentine skin is tough. (AC +5)
You have supernaturally acute eyesight. (SInv)
Armour fits poorly on your strangely shaped body.
Your system is resistant to poisons. (rPois)
You cover ground very slowly.
You have a slow metabolism.
You can spit poison.
You can use your snake-like lower body to constrict enemies.


Message History

You feel much better.
The dream sheep changes into a shining eye!
The iron giant changes into a caustic shrike!
The human changes into a big kobold!
The acid blob changes into an iron giant!
You block the azure jelly's attack.
SHROANNG!
You block the azure jelly's attack.
SHROANNG!
You block the azure jelly's attack.
BONNNG!
The azure jelly closely misses you. The titan hits you!!
* * * LOW HITPOINT WARNING * * *
You block the torpor snail's attack.
PANG!
The azure jelly hits you but does no damage.
The azure jelly hits you.
* * * LOW HITPOINT WARNING * * *
The azure jelly freezes you!!
You die...

..|="}=:?Y):[..
..)}?)
........††......
..:[:|
.....†.=K....†..
....†.
....†..†........
......
................
......
.......w†.......
......
......G.††......
......
......†Jb.......
......
.....†C@w.......
......
...▓....C....▓..
...▓..
▓▓.......▓▓ ..
▓▓.
..▓.........▓..
...▓..
...............
......
.......©.......
......
▓▓▓▓▓▓▓▓▓▓▓▓▓▓▓▓
▓▓▓▓▓▓ ......
.."}:[


You could see an iron giant shaped shifter, a titan shaped shifter, a caustic
shrike shaped shifter, an azure jelly shaped shifter, a torpor snail shaped
shifter, a shining eye shaped shifter, a swamp worm shaped shifter and a big
kobold shaped shifter.

Vanquished Creatures
  A shard shrike (shapeshifter) (D)
  2 pearl dragons (D)
  2 liches (D)
  A deep elf blademaster (D)
  4 acid blobs (D)
  3 shadow dragons (D)
  2 daevas (D)
  A frost giant (D)
  2 fire giants (D)
  A deep elf sorcerer (D)
  An azure jelly (D)
  An emperor scorpion (D)
  An ophan (D)
  An entropy weaver (D)
  8 stone giants (D)
  A spark wasp (D)
  2 deep elf annihilators (D)
  4 merfolk javelineers (D)
  3 death oozes (D)
  A yaktaur captain (D)
  2 merfolk impalers (D)
  3 fire dragons (D)
  2 great orbs of eyes (D)
  A deep elf high priest (D)
  9 vault guards (D)
  A merfolk aquamancer (D)
  3 two-headed ogres (D)
  A two-headed ogre (shapeshifter) (D)
  A dancing weapon (D)
  2 hell hogs (D)
  A shock serpent (shapeshifter) (D)
  A soul eater (D)
  A deep elf knight (D)
  A sea snake (D)
  A sea snake (shapeshifter) (D)
  A death drake (shapeshifter) (D)
  An unseen horror (shapeshifter) (D)
  A glowing orange brain (D)
  A cherub (D)
  A glowing orange brain (shapeshifter) (D)
  A swamp dragon (shapeshifter) (D)
  5 orb spiders (D)
  5 wolf spiders (D)
  2 shining eyes (D)
  A harpy (D)
  A mana viper (shapeshifter) (D)
  2 manticores (shapeshifter) (D)
  A deep elf mage (D)
  5 cyclopes (D)
  A moth of wrath (D)
  A cyclops (shapeshifter) (D)
  A moth of wrath (shapeshifter) (D)
  A black mamba (shapeshifter) (D)
  2 eyes of devastation (D)
  An efreet (D)
  A yaktaur (D)
  2 komodo dragons (shapeshifter) (D)
  5 demonic crawlers (D)
  A yaktaur (shapeshifter) (D)
  6 trolls (D)
  A merfolk (shapeshifter) (D)
  7 jumping spiders (D)
  2 merfolk (D)
  8 hornets (D)
  16 slime creatures (D)
  2 hippogriffs (D)
  A hippogriff (shapeshifter) (D)
  A snapping turtle (shapeshifter) (D)
  8 redbacks (D)
  7 tarantellas (D)
  2 fire elementals (D)
  A yak (D)
  4 golden eyes (D)
  A steam dragon (D)
  2 swamp worms (shapeshifter) (D)
  A naga (D)
  A hell hound (D)
  2 floating eyes (shapeshifter) (D)
  A porcupine (D)
  A swamp drake (D)
  2 floating eyes (D)
  2 orc warriors (D)
  A black bear (shapeshifter) (D)
  2 ogres (D)
  2 phantoms (D)
  2 earth elementals (D)
  2 scorpions (D)
  7 jellies (D)
  2 orc priests (D)
  3 orc wizards (D)
  2 river rats (D)
  3 shadow imps (D)
  An ufetubus (D)
  2 oozes (D)
  3 adder skeletons (D)
  2 orcs (D)
  A spectral bat (D)
  2 ball pythons (D)
  A leopard gecko zombie (D)
  A spectral giant cockroach (D)
  2 spectral quokkas (D)
  3 fire vortices (D)
239 creatures vanquished.

Vanquished Creatures (collateral kills)
  A wolf spider (D)
  A merfolk (D)
  A floating eye (D)
  An orc warrior (D)
  A phantom (D)
  2 centaurs (D)
  2 scorpions (D)
  A jelly (D)
  An orc wizard (D)
  A river rat (D)
  3 orcs (D)
  A spectral bat (D)
  A bat skeleton (D)
  A jackal zombie (D)
18 creatures vanquished.

Vanquished Creatures (others)
  A fire giant (D)
1 creature vanquished.

Grand Total: 258 creatures vanquished

Notes
Turn   | Place    | Note
-------+----------+-------------------------------------------
     0 | D        | Found the +6 Majin-Bo {vamp, Archmagi MP+6 Int+6}
     0 | D        | Found the +7 great mace "Firestarter" {inner flame, rF++}
     0 | D        | nuthulu the Naga Fighter began the quest for the Orb.
     0 | D        | Reached XP level 1. HP: 21/21 MP: 1/1
     0 | D        | Found a deep blue altar of Sif Muna.
     0 | D        | Found a sacrificial altar of Ru.
     0 | D        | Found a bloodstained altar of Trog.
     0 | D        | Found a stormy altar of Qazlal.
     0 | D        | Found an iron altar of Okawaru.
     0 | D        | Found a sparkling altar of Nemelex Xobeh.
     0 | D        | Found a blossoming altar of Fedhas.
     2 | D        | Found an ancient bone altar of Kikubaaqudgha.
     2 | D        | Found a transporter.
     2 | D        | Found a corrupted altar of Lugonu.
     2 | D        | Found a viscous altar of Jiyva.
     2 | D        | Found a burning altar of Makhleb.
     2 | D        | Found a hazy altar of Hepliaklqana.
     2 | D        | Found an opulent altar of Gozag.
    24 | D        | Found the +9 heavy crossbow "Sniper" {velocity, Acc+∞ SInv}
    24 | D        | Found the +10 dark maul {crush}
    24 | D        | Found the +15 Maxwell's patent armour {-Cast -Tele rElec
                  | MR+ rCorr}
    24 | D        | Found the +18 shield of the Gong {rElec rN+ MR+ EV-5}
    24 | D        | Found the cursed +14 obsidian axe {chop, +Fly SInv *Curse}
    65 | D        | Reached XP level 2. HP: 31/31 MP: 2/2
   104 | D        | Became a worshipper of Cheibriados the Contemplative
   122 | D        | Entered arena 2.
   122 | D        | Noticed a steam dragon
   122 | D        | Noticed a swamp drake
   122 | D        | Found a transporter.
   132 | D        | Killed a swamp drake
   132 | D        | Reached skill level 5 in Fighting
   132 | D        | Reached skill level 2 in Invocations
   132 | D        | Reached XP level 3. HP: 39/39 MP: 2/6
   132 | D        | Reached XP level 4. HP: 46/46 MP: 2/7
   134 | D        | Killed a steam dragon
   134 | D        | Reached * piety under Cheibriados
   134 | D        | Reached skill level 5 in Axes
   134 | D        | Reached skill level 5 in Armour
   134 | D        | Reached skill level 5 in Shields
   134 | D        | Reached skill level 4 in Invocations
   134 | D        | Reached XP level 5. HP: 55/55 MP: 2/10
   136 | D        | Got the ring of Noupn {rC+ Str+4 Dex+3 Stlth+}
   200 | D        | Entered arena 3.
   200 | D        | Noticed a naga
   200 | D        | Found a transporter.
   203 | D        | Killed a naga
   203 | D        | Reached skill level 5 in Invocations
   203 | D        | Reached XP level 6. HP: 63/63 MP: 10/12
   203 | D        | Reached ** piety under Cheibriados
   215 | D        | Entered arena 4.
   215 | D        | Found a transporter.
   217 | D        | Reached *** piety under Cheibriados
   233 | D        | Entered arena 5.
   233 | D        | Noticed a phantom
   233 | D        | Noticed a phantom
   233 | D        | Noticed a phantom
   233 | D        | Found a transporter.
   237 | D        | Reached **** piety under Cheibriados
   239 | D        | Killed a phantom
   241 | D        | Killed a phantom
   241 | D        | Reached ***** piety under Cheibriados
   241 | D        | Reached XP level 7. HP: 70/72 MP: 12/14
   256 | D        | Entered arena 6.
   256 | D        | Noticed a yak
   256 | D        | Found a transporter.
   258 | D        | Reached skill level 5 in Spellcasting
   258 | D        | Reached skill level 6 in Invocations
   259 | D        | Killed a yak
   260 | D        | Reached XP level 8. HP: 78/80 MP: 14/16
   267 | D        | Entered arena 7.
   268 | D        | Found a transporter.
   270 | D        | Reached ****** piety under Cheibriados
   276 | D        | Got the ring of Kiwkymyu {rN++ MP+9}
   360 | D        | Entered arena 8.
   360 | D        | Noticed a merfolk
   360 | D        | Noticed a hippogriff
   360 | D        | Noticed a merfolk
   360 | D        | Noticed a hippogriff
   361 | D        | Found a transporter.
   363 | D        | Killed a hippogriff
   363 | D        | Reached skill level 7 in Invocations
   365 | D        | Killed a hippogriff
   366 | D        | Killed a merfolk
   366 | D        | Reached skill level 8 in Invocations
   369 | D        | Killed a merfolk
   374 | D        | Got the +0 cloak of Weirdness {Dex+5}
   382 | D        | Entered arena 9.
   383 | D        | Found a transporter.
   384 | D        | Reached XP level 9. HP: 87/87 MP: 18/18
   384 | D        | Paralysed by a floating eye for 3 turns
   388 | D        | Reached skill level 9 in Invocations
   388 | D        | Reached skill level 10 in Shields
   443 | D        | Entered arena 10.
   444 | D        | Found the ring of Shadows {Umbra +Inv Stlth+}
   444 | D        | Found a transporter.
   458 | D        | Entered arena 11.
   458 | D        | Noticed a wolf spider
   458 | D        | Noticed a wolf spider
   458 | D        | Noticed a jumping spider
   459 | D        | Found the +10 zealot's sword {holy, *Rage rN+ EV+3}
   459 | D        | Found the +8 trident of the Octopus King {venom, rElec
                  | rPois MR+}
   459 | D        | Found a transporter.
   461 | D        | Noticed an ice devil
   461 | D        | Killed a wolf spider
   461 | D        | Reached skill level 1 in Dodging
   461 | D        | Reached skill level 10 in Invocations
   462 | D        | Killed a wolf spider
   462 | D        | Reached skill level 10 in Axes
   462 | D        | Reached skill level 11 in Invocations
   464 | D        | Reached XP level 10. HP: 98/98 MP: 22/22
   467 | D        | Reached skill level 12 in Invocations
   474 | D        | Entered arena 12.
   474 | D        | Noticed a merfolk javelineer
   474 | D        | Noticed a merfolk impaler
   474 | D        | Noticed a harpy
   474 | D        | Noticed a merfolk javelineer
   474 | D        | Noticed a sea snake
   474 | D        | Noticed a merfolk javelineer
   475 | D        | Noticed a merfolk aquamancer
   475 | D        | Killed a harpy
   475 | D        | Noticed a merfolk impaler
   476 | D        | Noticed a merfolk javelineer
   478 | D        | Killed a merfolk impaler
   478 | D        | Reached skill level 13 in Invocations
   478 | D        | Killed a sea snake
   478 | D        | Reached skill level 14 in Invocations
   478 | D        | Killed a merfolk aquamancer
   478 | D        | Killed a merfolk javelineer
   478 | D        | Reached skill level 10 in Spellcasting
   478 | D        | Reached XP level 11. HP: 84/108 MP: 16/25
   478 | D        | Killed a merfolk javelineer
   478 | D        | Reached skill level 10 in Fighting
   478 | D        | Reached skill level 15 in Invocations
   479 | D        | Killed a merfolk impaler
   479 | D        | Reached skill level 5 in Dodging
   479 | D        | Killed a merfolk javelineer
   480 | D        | Killed a merfolk javelineer
   482 | D        | Found a transporter.
   586 | D        | Entered arena 13.
   586 | D        | Noticed a deep elf sorcerer
   586 | D        | Noticed a deep elf blademaster
   586 | D        | Noticed a +3 hand axe of chopping
   586 | D        | Noticed a deep elf annihilator
   586 | D        | Noticed a deep elf mage
   586 | D        | Noticed a deep elf annihilator
   587 | D        | Killed a +3 hand axe of chopping
   587 | D        | Noticed a deep elf high priest
   588 | D        | Killed a deep elf mage
   588 | D        | Reached skill level 16 in Invocations
   588 | D        | Killed a deep elf blademaster
   589 | D        | Killed a deep elf annihilator
   589 | D        | Reached XP level 12. HP: 108/120 MP: 23/28
   589 | D        | Killed a deep elf annihilator
   589 | D        | Killed a deep elf sorcerer
   589 | D        | Reached skill level 17 in Invocations
   589 | D        | Killed a deep elf high priest
   589 | D        | Noticed a deep elf knight
   591 | D        | Killed a deep elf knight
   593 | D        | Found a transporter.
   712 | D        | Entered arena 14.
   713 | D        | Noticed a death ooze
   713 | D        | Noticed an acid blob
   714 | D        | Noticed an azure jelly
   715 | D        | Killed a death ooze
   716 | D        | Killed an acid blob
   716 | D        | Reached skill level 10 in Armour
   716 | D        | Killed an azure jelly
   717 | D        | Reached skill level 18 in Invocations
   719 | D        | Found a transporter.
   931 | D        | Entered arena 15.
   932 | D        | Noticed a shadow dragon
   933 | D        | Noticed a soul eater
   933 | D        | Noticed a shadow dragon
   936 | D        | Killed a soul eater
   936 | D        | Gained mutation: You can use your snake-like lower body to
                  | constrict enemies. [Naga growth]
   936 | D        | Reached XP level 13. HP: 129/129 MP: 28/30
   942 | D        | Killed a shadow dragon
   942 | D        | Killed a shadow dragon
   943 | D        | Found a transporter.
   962 | D        | Got the ring of Heibrewn {*Slow rN+ MR++ Dex+2 Stlth+}
   964 | D        | Entered arena 16.
   965 | D        | Noticed a fire dragon
   965 | D        | Noticed a fire giant
   965 | D        | Noticed a fire dragon
   965 | D        | Noticed a fire dragon
   966 | D        | Noticed a fire giant
   969 | D        | Killed a fire giant
   969 | D        | Reached skill level 19 in Invocations
   970 | D        | Killed a fire dragon
   970 | D        | Killed a fire dragon
   970 | D        | Killed a fire dragon
   970 | D        | Killed a fire giant
   972 | D        | Found a transporter.
   979 | D        | Got the ring "Zumedd" {rF+ MR+ MP+9}
  1046 | D        | Entered arena 17.
  1049 | D        | Noticed a pearl dragon
  1049 | D        | Noticed a daeva
  1049 | D        | Noticed an ophan
  1049 | D        | Noticed a pearl dragon
  1049 | D        | Identified the cursed +0 scale mail "Jasaor" {Dex+2}
  1049 | D        | Noticed a daeva
  1053 | D        | Killed an ophan
  1054 | D        | Killed a pearl dragon
  1054 | D        | Reached skill level 20 in Invocations
  1054 | D        | Killed a pearl dragon
  1054 | D        | Reached skill level 10 in Dodging
  1054 | D        | Reached XP level 14. HP: 107/142 MP: 30/32
  1054 | D        | Killed a daeva
  1055 | D        | Killed a daeva
  1057 | D        | Found a transporter.
  1105 | D        | Entered arena 18.
  1108 | D        | Noticed a shadow dragon
  1108 | D        | Noticed a stone giant
  1108 | D        | Noticed a lich
  1108 | D        | Noticed a stone giant
  1108 | D        | Noticed a stone giant
  1108 | D        | Noticed a lich
  1108 | D        | Identified the +5 trident of Impermanence {pierce, Dex+5}
  1110 | D        | Killed a lich
  1110 | D        | Reached skill level 15 in Axes
  1110 | D        | Reached skill level 21 in Invocations
  1110 | D        | Noticed a stone giant
  1111 | D        | Killed a stone giant
  1111 | D        | Killed a lich
  1111 | D        | Reached skill level 15 in Fighting
  1111 | D        | Reached skill level 22 in Invocations
  1112 | D        | Killed a stone giant
  1112 | D        | Killed a stone giant
  1113 | D        | Killed a shadow dragon
  1115 | D        | Killed a stone giant
  1121 | D        | Found a transporter.
  1127 | D        | Got the cursed +0 pair of gloves of Morality {rN+++ rCorr
                  | Str-5 Int-3 Dex+4}
  1184 | D        | Entered arena 19.
  1187 | D        | Noticed an entropy weaver
  1189 | D        | Reached XP level 15. HP: 154/154 MP: 33/33
  1189 | D        | Reached skill level 23 in Invocations
  1192 | D        | Found the +8 Wrath of Trog {antimagic, *Rage}
  1194 | D        | Found a transporter.
  1244 | D        | Entered arena 20.
  1249 | D        | Noticed a frost giant
  1249 | D        | Noticed a fire giant
  1253 | D        | Killed a frost giant
  1253 | D        | Killed a fire giant
  1253 | D        | Reached skill level 24 in Invocations
  1258 | D        | Found a transporter.
  1332 | D        | Entered arena 21.
  1337 | D        | Noticed an emperor scorpion
  1342 | D        | Killed an emperor scorpion
  1344 | D        | Found a transporter.
  1394 | D        | Got the ring of Yredelemnul's Pride {AC+2 Int+6}
  1400 | D        | Entered arena 22.
  1405 | D        | Found the +0 mask of the Dragon {MR+ Slay+3 SInv}
  1405 | D        | Found the ring of Phasing {EV+8}
  1408 | D        | Noticed an acid blob
  1408 | D        | Noticed an acid blob
  1409 | D        | Noticed an acid blob
  1410 | D        | Reached skill level 25 in Invocations
  1411 | D        | Killed an acid blob
  1411 | D        | Reached skill level 15 in Armour
  1411 | D        | Killed an acid blob
  1411 | D        | Reached XP level 16. HP: 145/169 MP: 28/34
  1412 | D        | Killed an acid blob
  1416 | D        | Found the +5 robe of Misfortune {*Contam Harm *Corrode
                  | *Drain *Slow EV+5}
  1416 | D        | Found the +4 robe of Augmentation {Str+4 Int+4 Dex+4}
  1416 | D        | Found a transporter.
  1527 | D        | Entered arena 23.
  1533 | D        | Noticed a juggernaut
  1535 | D        | Reached skill level 15 in Dodging
  1536 | D        | Reached skill level 26 in Invocations
  1536 | D        | Noticed a shard shrike
  1536 | D        | a juggernaut changed into a shard shrike
  1536 | D        | Noticed a juggernaut
  1536 | D        | Noticed a shadow dragon
  1537 | D        | Noticed a shard shrike
  1537 | D        | a juggernaut changed into a shard shrike
  1538 | D        | Noticed a juggernaut
  1538 | D        | a shard shrike changed into a juggernaut
  1540 | D        | Noticed a titan
  1540 | D        | a shard shrike changed into a titan
  1540 | D        | Noticed a shard shrike
  1540 | D        | a juggernaut changed into a shard shrike
  1540 | D        | Noticed a titan
  1541 | D        | Noticed a juggernaut
  1541 | D        | a shard shrike changed into a juggernaut
  1541 | D        | Noticed an azure jelly
  1541 | D        | a death yak changed into an azure jelly
  1542 | D        | Noticed a shard shrike
  1542 | D        | a titan changed into a shard shrike
  1546 | D        | Killed a shard shrike
  1548 | D        | Noticed an iron giant
  1548 | D        | a shadow dragon changed into an iron giant
  1548 | D        | Noticed an acid blob
  1548 | D        | a juggernaut changed into an acid blob
  1548 | D        | Identified the cursed +1 leather armour of Insatiable
                  | Hunger {rPois rC+ Dex+4}
  1549 | D        | Noticed a caustic shrike
  1549 | D        | an iron giant changed into a caustic shrike
  1549 | D        | Noticed an iron giant
  1549 | D        | an acid blob changed into an iron giant
  1549 | D        | Demolished by an azure jelly (glowing shapeshifter)

Skill      XL: |  1  2  3  4  5  6  7  8  9 10 11 12 13 14 15 16 |
---------------+-------------------------------------------------+-----
Fighting       | 4 5 6 7 8 9 11 12 13 15 17 18 | 18.4
Axes           | 4 5 6 7 8 10 11 12 13 14 16 18 19 | 19.0
Armour         | 3 4 5 6 7 8 9 10 11 13 15 | 15.9
Shields        | 3 4 5 6 8 9 10 | 10.3
Spellcasting   | 2 3 4 5 6 8 10 12 13 14 | 14.2
Invocations    | 2 4 5 6 8 11 14 16 18 20 22 25 26 | 26.5
Dodging        | 2 4 6 8 10 12 14 15 | 15.9

Action                   |  1- 3 |  4- 6 |  7- 9 | 10-12 | 13-15 | 16-18 || total
-------------------------+-------+-------+-------+-------+-------+-------++-------
Melee: Broad axe         |     8 |    17 |    25 |     6 |     6 |     1 ||    63
       Constrict         |       |       |       |       |     1 |       ||     1
Invok: Slouch            |       |       |       |    17 |    40 |     8 ||    65
  Use: Potion            |     2 |       |       |       |     1 |     2 ||     5
  Eat: Ration            |       |       |       |     1 |     1 |     1 ||     3
Armor: Plate armour      |     6 |    10 |    21 |     7 |    13 |    58 ||   115
Dodge: Dodged            |       |       |     1 |     4 |    10 |    13 ||    28
Block: Shield            |    16 |    36 |    59 |    16 |    41 |    24 ||   192
       Reflection        |       |       |       |       |     1 |     1 ||     2
